[Event "Titled Tuesday Blitz April 18 Late 2023"]
[White "Weetik, Vjacheslav"]
[Black "Graif, William"]
[WhiteFideId "4153472"]
[BlackFideId "2609835"]
[WhiteElo "2469"]
[BlackElo "2205"]
[Result "0-1"]
[Round "04"]
[TimeControl "180+2"]
[Date "2023.04.18"]
[WhiteClock "0:00:02"]
[BlackClock "0:00:29"]

1. d4 Nf6 2. Bf4 c5 3. e3 Qb6 4. Na3 Qxb2 5. Nb5 cxd4 6. Rb1 Qxa2 7. Nc7+ Kd8 8. Nxa8 e5 9. Bxe5 Qa5+ 10. Qd2 Qxe5 11. Nf3 dxe3 12. fxe3 Qd6 13. Qa5+ Ke7 14. Nd4 g6 15. Bd3 Nc6 16. Nxc6+ dxc6 17. Qxa7 Bh6 18. O-O Ng4 19. Rxb7+ Ke8 20. Nc7+ Kd8 21. Ne6+ fxe6 22. Qa5+ Ke8 23. g3 Bxb7 0-1


[Site "https://www.chess.com"]

[Event "Titled Tuesday Blitz April 18 Late 2023"]
[White "Kosteniuk, Alexandra"]
[Black "Karas, Marek"]
[WhiteFideId "4128125"]
[BlackFideId "14928558"]
[WhiteElo "2453"]
[BlackElo "2233"]
[Result "1-0"]
[Round "04"]
[TimeControl "180+2"]
[Date "2023.04.18"]
[WhiteClock "0:00:08"]
[BlackClock "0:00:02"]

1. e4 e6 2. d4 d5 3. exd5 exd5 4. Nf3 Nf6 5. Bd3 c5 6. O-O c4 7. Re1+ Be7 8. Bf1 O-O 9. h3 Nc6 10. Nc3 Bf5 11. Bg5 h6 12. Be3 Ne4 13. Nxe4 Bxe4 14. Nd2 Bf5 15. c3 Qd7 16. Qf3 Bf6 17. g4 Bg6 18. Bg2 Rad8 19. b3 cxb3 20. axb3 a6 21. Qg3 Rde8 22. h4 Bd8 23. h5 Bc7 24. Bf4 Bxf4 25. Qxf4 Bh7 26. Qf3 Rd8 27. Qf4 Qd6 28. Qxd6 Rxd6 29. b4 f5 30. f3 f4 31. Nb3 Kf7 32. Nc5 Rb8 33. Bf1 Nd8 34. Bd3 Bxd3 35. Nxd3 Ne6 36. Ra5 Rc8 37. Rc1 Kf6 38. b5 axb5 39. Rxb5 b6 40. Kf2 Rdc6 41. Nb4 Rc4 42. Nxd5+ Kf7 43. Nxb6 Rxc3 44. Nxc8 Rxc1 45. Nd6+ Kf6 46. Ne4+ Ke7 47. Rb7+ Kf8 48. Rb8+ Kf7 49. Rb4 Rc2+ 50. Ke1 Ng5 51. Nxg5+ hxg5 52. Rb5 Rc3 53. Ke2 Rc2+ 54. Kd3 Rf2 55. Ke4 Re2+ 56. Kf5 Re3 57. Rb7+ Kf8 58. Kxg5 Rxf3 59. Rb5 Kg8 60. Rf5 Rd3 61. Rxf4 Rd2 62. Kf5 Kh7 63. Ke5 Kh6 64. d5 Kg5 65. Re4 Ra2 66. Ke6 Ra8 67. d6 Re8+ 68. Kd5 Rd8 69. Kc6 Rc8+ 70. Kd7 Ra8 71. Ke7 g6 72. hxg6 Kxg6 73. d7 Ra7 74. Ke8 1-0


[Site "https://www.chess.com"]

[Event "Titled Tuesday Blitz April 18 Late 2023"]
[White "Lenaerts, Lennert"]
[Black "Djokic, Mihailo"]
[WhiteFideId "211435"]
[BlackFideId "976440"]
[WhiteElo "2334"]
[BlackElo "2294"]
[Result "1-0"]
[Round "04"]
[TimeControl "180+2"]
[Date "2023.04.18"]
[WhiteClock "0:00:31"]
[BlackClock "0:00:01"]

1. d4 Nf6 2. c4 g6 3. Nc3 Bg7 4. e4 d6 5. f3 O-O 6. Be3 Nc6 7. Nge2 a6 8. Qd2 Rb8 9. Rc1 Bd7 10. Nd1 Re8 11. g3 b5 12. c5 dxc5 13. Rxc5 e5 14. d5 Ne7 15. Bg2 c6 16. dxc6 Nxc6 17. O-O Bf8 18. Rc1 Rc8 19. Ndc3 Be6 20. Qxd8 Rexd8 21. Rfd1 Nd4 22. Nxd4 exd4 23. Bxd4 Rxd4 24. Rxd4 Bc5 25. Rd1 Rd8 26. Ne2 Bxa2 27. Kf1 Bxd4 28. Nxd4 Bc4+ 29. Kf2 a5 30. e5 Ne8 31. f4 a4 32. Ke3 Nc7 33. Ra1 Ne6 34. Rd1 b4 35. Bf3 Rxd4 36. Rxd4 Nxd4 37. Kxd4 a3 38. bxa3 bxa3 39. Kc3 Be6 40. Bd1 a2 41. Kb2 Kf8 42. g4 Ke7 43. h3 Kd7 44. Ba4+ Kc7 45. Bc2 Kc6 46. f5 Bd5 47. e6 fxe6 48. fxg6 hxg6 49. Bxg6 e5 50. h4 Kd6 51. h5 Ke7 52. h6 Kf6 53. Bf5 e4 54. g5+ Kf7 55. g6+ Kf6 56. g7 1-0


[Site "https://www.chess.com"]

[Event "Titled Tuesday Blitz April 18 Late 2023"]
[White "TheKnightOfBosnia"]
[Black "Manukyan, Sargis A."]
[BlackFideId "13303970"]
[WhiteElo "2508"]
[BlackElo "2187"]
[Result "0-1"]
[Round "04"]
[TimeControl "180+2"]
[Date "2023.04.18"]
[WhiteClock "0:00:12"]
[BlackClock "0:00:27"]

1. e4 c5 2. Nf3 d6 3. Bb5+ Bd7 4. Bxd7+ Qxd7 5. c4 Nc6 6. Nc3 Nf6 7. d4 Nxd4 8. Nxd4 cxd4 9. Qxd4 g6 10. f3 Bg7 11. Be3 O-O 12. Qd2 Rfc8 13. b3 a6 14. a4 b5 15. axb5 axb5 16. Rxa8 Rxa8 17. O-O bxc4 18. bxc4 Qc6 19. Nd5 Nxd5 20. cxd5 Qb5 21. Bd4 Bxd4+ 22. Qxd4 Ra4 23. Qd2 Qc5+ 24. Qf2 Qc4 25. h4 Ra2 26. Qg3 h5 27. Rf2 Qd4 28. f4 Re2 29. f5 Re1+ 30. Kh2 Rxe4 31. fxg6 Rxh4+ 32. Kg1 f6 33. Qf3 Re4 34. Qxh5 Re1+ 35. Kh2 Qe5+ 36. Qxe5 Rxe5 37. Rd2 Kg7 38. Kg3 Kxg6 39. Kf4 Kf7 40. g4 Ke8 41. Rd3 Kd7 42. Rd2 Kc7 43. Rc2+ Kb6 44. Rc6+ Kb5 45. Rc7 Kb6 46. Rd7 Kc5 0-1


[Site "https://www.chess.com"]

[Event "Titled Tuesday Blitz April 18 Late 2023"]
[White "Petrovic, Aleksa"]
[Black "Korchmar, Vasiliy"]
[WhiteFideId "967629"]
[BlackFideId "24131750"]
[WhiteElo "2309"]
[BlackElo "2370"]
[Result "0-1"]
[Round "04"]
[TimeControl "180+2"]
[Date "2023.04.18"]
[WhiteClock "0:00:03"]
[BlackClock "0:00:16"]

1. d4 d5 2. c4 c6 3. Nf3 Nf6 4. Nc3 e6 5. e3 Nbd7 6. Qc2 Bd6 7. Bd3 dxc4 8. Bxc4 O-O 9. O-O e5 10. Rd1 exd4 11. Nxd4 Ne5 12. Bb3 Qe7 13. Nf5 Bxf5 14. Qxf5 Rad8 15. Bd2 Ng6 16. Be1 Bb8 17. Rxd8 Rxd8 18. Rd1 Re8 19. Ne2 Be5 20. Bc3 c5 21. Ba4 Rb8 22. Bxe5 Nxe5 23. Nc3 a6 24. Nd5 Nxd5 25. Rxd5 f6 26. Bc2 g6 27. Qe4 Rd8 28. f4 Rxd5 29. Qxd5+ Nf7 30. e4 b5 31. a4 c4 32. axb5 Qb4 33. Kf2 Qxb2 34. bxa6 Qxc2+ 35. Kg3 Qc3+ 36. Kg4 h5+ 37. Kh4 Qc1 38. g3 Qa3 39. Qa8+ Kg7 40. a7 Qf3 41. Qc8 g5+ 42. fxg5 fxg5+ 43. Kh3 Qf1# 0-1


[Site "https://www.chess.com"]

[Event "Titled Tuesday Blitz April 18 Late 2023"]
[White "Matinian, Nikita"]
[Black "Hajiyev, Kanan"]
[WhiteFideId "24129100"]
[BlackFideId "13404148"]
[WhiteElo "2422"]
[BlackElo "2103"]
[Result "1-0"]
[Round "04"]
[TimeControl "180+2"]
[Date "2023.04.18"]
[WhiteClock "0:00:05"]
[BlackClock "0:00:15"]

1. e4 c6 2. d4 d5 3. e5 a6 4. Nf3 Bg4 5. Nbd2 e6 6. Bd3 c5 7. h3 Bh5 8. O-O cxd4 9. g4 Bg6 10. Nxd4 Nc6 11. Nxc6 bxc6 12. f4 Bc5+ 13. Kg2 Bxd3 14. cxd3 h5 15. Nf3 Nh6 16. d4 Bb6 17. Ng5 hxg4 18. hxg4 c5 19. f5 cxd4 20. fxe6 fxe6 21. Qc2 Kd7 22. Qa4+ Kc8 23. Qc6+ Kb8 24. Nxe6 Qc8 25. Qxb6+ Qb7 26. Qxb7+ Kxb7 27. Bxh6 Kb6 28. Bxg7 Rhg8 29. Rf7 Rae8 30. Nxd4 Kc5 31. Rd1 Kc4 32. Nb3 Kb4 33. Rb7+ Ka4 34. Rd4# 1-0


[Site "https://www.chess.com"]

[Event "Titled Tuesday Blitz April 18 Late 2023"]
[White "UnknownxArmy"]
[Black "Storey, Charles H"]
[BlackFideId "406686"]
[WhiteElo "2680"]
[BlackElo "2196"]
[Result "1-0"]
[Round "04"]
[TimeControl "180+2"]
[Date "2023.04.18"]
[WhiteClock "0:00:06"]
[BlackClock "0:00:01"]

1. b3 g6 2. Bb2 Nf6 3. e3 Bg7 4. h4 h5 5. Nf3 c5 6. d4 Ng4 7. c4 Nc6 8. Be2 d6 9. Nc3 Bf5 10. Qd2 Qa5 11. Nd5 Qxd2+ 12. Kxd2 Nxf2 13. Nc7+ Kd7 14. Nxa8 Nxh1 15. Rxh1 Rxa8 16. Kc1 Bh6 17. Kd2 cxd4 18. Nxd4 Nxd4 19. Bxd4 e5 20. Bc3 Be4 21. Rf1 f5 22. Bf3 Bxf3 23. gxf3 Ke6 24. Rg1 Kf7 25. Ke2 Rd8 26. Rd1 Ke6 27. e4 fxe4 28. fxe4 Rf8 29. Bb4 Rd8 30. Rg1 Kf7 31. a4 Bf8 32. Rf1+ Ke6 33. Rg1 Kf7 34. Rf1+ Kg7 35. Be1 Be7 36. Bg3 Bf6 37. Rd1 b6 38. b4 Kf7 39. Ra1 g5 40. hxg5 Bxg5 41. a5 h4 42. Bh2 Rg8 43. axb6 axb6 44. Ra6 Bd8 45. Ra7+ Ke6 46. Kf3 h3 47. Rh7 Rf8+ 48. Ke2 Rg8 49. Rxh3 Rg2+ 50. Kd3 b5 51. cxb5 Rb2 52. Rh6+ Kd7 53. Kc4 Rc2+ 54. Kd3 Rb2 55. Kc3 Re2 56. Rh7+ Kc8 57. b6 Bxb6 58. Kd3 Re3+ 59. Kc4 Rxe4+ 60. Kb5 Bd8 61. Bg1 Rg4 62. Be3 Rg6 63. Kc6 d5+ 64. Kxd5 e4 65. b5 Rg5+ 66. Kc6 Rg6+ 67. Kd5 1-0


[Site "https://www.chess.com"]

[Event "Titled Tuesday Blitz April 18 Late 2023"]
[White "Mikhalsky, Vladimir"]
[Black "Larino Nieto, David"]
[WhiteFideId "14144352"]
[BlackFideId "2256444"]
[WhiteElo "2236"]
[BlackElo "2506"]
[Result "0-1"]
[Round "04"]
[TimeControl "180+2"]
[Date "2023.04.18"]
[WhiteClock "0:00:02"]
[BlackClock "0:01:04"]

1. d4 e6 2. g3 h5 3. h4 Nf6 4. Nf3 b6 5. Bg2 Bb7 6. O-O Be7 7. c4 d6 8. Nc3 Ne4 9. Qc2 Nxc3 10. bxc3 Nd7 11. e4 Nf6 12. Ng5 e5 13. a4 O-O 14. a5 Ng4 15. Qb3 Bf6 16. Rd1 Qe7 17. f3 Nh6 18. Bh3 Rfb8 19. Qa4 exd4 20. cxd4 c5 21. Be3 cxd4 22. Bxd4 Bxg5 23. hxg5 Qxg5 24. Kh2 h4 25. Bf2 hxg3+ 26. Bxg3 Qh5 27. Kg2 f5 28. Bxd6 fxe4 0-1


[Site "https://www.chess.com"]

[Event "Titled Tuesday Blitz April 18 Late 2023"]
[White "mrithyunjay"]
[Black "Yarar, Bora"]
[BlackFideId "34588400"]
[WhiteElo "2447"]
[BlackElo "2273"]
[Result "1/2-1/2"]
[Round "04"]
[TimeControl "180+2"]
[Date "2023.04.18"]
[WhiteClock "0:00:23"]
[BlackClock "0:01:31"]

1. e4 e6 2. d4 d5 3. Nc3 Nf6 4. e5 Nfd7 5. f4 c5 6. Nf3 Nc6 7. Be3 Qb6 8. Na4 Qa5+ 9. c3 b6 10. Bd2 c4 11. b4 Nxb4 12. cxb4 Bxb4 13. Qc2 Bxd2+ 14. Nxd2 b5 15. Nc3 O-O 16. Be2 Nb8 17. O-O Nc6 18. Nf3 Qb6 19. Rfd1 a5 20. a3 Ba6 21. f5 h6 22. f6 gxf6 23. exf6 Qd8 24. Ne5 Nxe5 25. dxe5 b4 26. axb4 axb4 27. Rxa6 Rxa6 28. Bxc4 Qb6+ 29. Kh1 dxc4 30. Qe4 Kh8 31. Qf4 Kh7 32. Qe4+ Kh8 33. Qf4 Kh7 34. Qe4+ Kh8 1/2-1/2


[Site "https://www.chess.com"]

[Event "Titled Tuesday Blitz April 18 Late 2023"]
[White "Melikhov, Evgeny V."]
[Black "Feng, Eric"]
[WhiteFideId "4122046"]
[BlackFideId "30952590"]
[WhiteElo "2158"]
[BlackElo "1785"]
[Result "1-0"]
[Round "04"]
[TimeControl "180+2"]
[Date "2023.04.18"]
[WhiteClock "0:00:05"]
[BlackClock "0:00:25"]

1. d4 Nf6 2. c4 e6 3. Nc3 d5 4. cxd5 exd5 5. Bg5 Be7 6. e3 O-O 7. Bd3 c6 8. Qc2 Nbd7 9. Nf3 h6 10. Bh4 Re8 11. O-O Ne4 12. Bxe4 Bxh4 13. Bh7+ Kh8 14. Bd3 Bf6 15. b4 Nb6 16. a4 a5 17. b5 Bg4 18. Nd2 Rc8 19. bxc6 bxc6 20. Nb3 Nd7 21. Bf5 Bxf5 22. Qxf5 g6 23. Qd3 c5 24. dxc5 Nxc5 25. Nxc5 Rxc5 26. Rac1 Qc7 27. Nxd5 Rxc1 28. Nxc7 Rxc7 29. Qb5 Ra8 30. Qb6 Bd8 31. Rd1 Kg7 32. g3 Rcc8 33. Qb7 Rcb8 34. Qf3 Ra7 35. Rd5 Bf6 36. Rd6 Bc3 37. Qd5 Rb4 38. Kg2 Rxa4 39. Qc5 Bb4 40. Qd4+ Kf8 41. Rd8+ Ke7 42. Rh8 Ra6 43. Qd8+ Ke6 44. Re8+ Be7 45. Qc8+ Kd5 46. Qxa6 Bc5 47. Qb7+ Kc4 48. Re4+ Kc3 49. Rxa4 Bb4 50. Rxa5 Bxa5 51. Qxf7 g5 52. Qg6 Bd8 53. Qxh6 Kc4 54. h4 g4 55. Qg6 Bc7 56. Qxg4+ Kb5 57. h5 Kb6 58. h6 Kb7 59. h7 Be5 60. h8=Q Bxh8 61. Qd7+ Kb6 62. Qd8+ Kb5 63. Qxh8 Kb4 64. g4 1-0


[Site "https://www.chess.com"]

[Event "Titled Tuesday Blitz April 18 Late 2023"]
[White "Yeritsyan, Hayk"]
[Black "Mihajlov, Sebastian"]
[WhiteFideId "13307320"]
[BlackFideId "1512110"]
[WhiteElo "2410"]
[BlackElo "2478"]
[Result "0-1"]
[Round "04"]
[TimeControl "180+2"]
[Date "2023.04.18"]
[WhiteClock "0:00:04"]
[BlackClock "0:00:45"]

1. d4 d5 2. Nf3 Nf6 3. e3 c5 4. Bd3 Nc6 5. c3 Bg4 6. Nbd2 e6 7. Qa4 Bd6 8. Ne5 c4 9. Nxc6 Qd7 10. Bc2 bxc6 11. e4 e5 12. dxe5 Bxe5 13. h3 Bh5 14. exd5 cxd5 15. Qxd7+ Kxd7 16. O-O Kc7 17. Re1 Bd6 18. b3 Rhe8 19. Bb2 Bf4 20. Nf3 Bxf3 21. gxf3 h6 22. bxc4 dxc4 23. Be4 Rab8 24. Ba3 Bd2 25. Red1 Rbd8 26. Bb4 Re5 27. Rab1 a5 28. Ba3 Nxe4 29. fxe4 Rd3 30. Rb2 Bxc3 31. Rbb1 Rxe4 32. Rxd3 cxd3 33. Rc1 Re1+ 34. Rxe1 Bxe1 35. Kf1 Bc3 36. Bc1 d2 0-1


[Site "https://www.chess.com"]

[Event "Titled Tuesday Blitz April 18 Late 2023"]
[White "Amburgy, Ryan"]
[Black "Szyszylo, Rafal"]
[WhiteFideId "30924820"]
[BlackFideId "1109626"]
[WhiteElo "2134"]
[BlackElo "1951"]
[Result "1-0"]
[Round "04"]
[TimeControl "180+2"]
[Date "2023.04.18"]
[WhiteClock "0:00:19"]
[BlackClock "0:00:02"]

1. d4 g6 2. e4 d6 3. c4 Nf6 4. Nc3 Bg7 5. Nf3 O-O 6. Be2 Na6 7. O-O e5 8. Be3 Qe7 9. d5 Nc5 10. Nd2 a5 11. Rb1 Bd7 12. b3 Ne8 13. Bg4 f5 14. Bh3 b6 15. Bxc5 bxc5 16. a3 Rb8 17. Qc2 Bh6 18. a4 Bxd2 19. Qxd2 f4 20. Bxd7 Qxd7 21. f3 g5 22. Nb5 Nf6 23. Kf2 Ra8 24. Ke2 g4 25. Qe1 Kh8 26. Qh4 Qg7 27. Rg1 Rg8 28. h3 gxf3+ 29. gxf3 Qf7 30. Kf2 Nh5 31. Nxc7 Qxc7 32. Qxh5 Qe7 33. Rg4 Rxg4 34. hxg4 Rb8 35. g5 Rg8 36. Rg1 Rg6 37. Qg4 1-0


[Site "https://www.chess.com"]

[Event "Titled Tuesday Blitz April 18 Late 2023"]
[White "Ansh M Shah"]
[Black "Martinez Ramirez, Lennis"]
[WhiteFideId "25033379"]
[BlackFideId "3509079"]
[WhiteElo "2084"]
[BlackElo "2410"]
[Result "0-1"]
[Round "04"]
[TimeControl "180+2"]
[Date "2023.04.18"]
[WhiteClock "0:00:28"]
[BlackClock "0:00:07"]

1. d4 e6 2. c4 b6 3. g3 Bb7 4. Nf3 Bxf3 5. exf3 Bb4+ 6. Bd2 Bxd2+ 7. Qxd2 d5 8. f4 Ne7 9. Bg2 Nbc6 10. Nc3 dxc4 11. d5 exd5 12. Nxd5 O-O 13. O-O Rc8 14. Rfd1 b5 15. Rac1 Nxd5 16. Bxd5 Ne7 17. a4 c6 18. Be4 Qxd2 19. Rxd2 f5 20. Rd7 fxe4 21. Rxe7 Rf7 22. Rxe4 Rd7 23. Rc2 Kf7 24. Re3 Re8 25. Kf1 Rd1+ 26. Ke2 Rxe3+ 27. fxe3 Rh1 28. Kf3 Ke6 29. Ke4 Kd6 30. Kf5 Re1 31. Rd2+ Kc5 32. e4 a5 33. axb5 cxb5 34. e5 b4 35. e6 c3 36. bxc3 bxc3 37. Rd8 Kb4 38. Rb8+ Kc4 39. Rc8+ Kb3 40. Rb8+ Ka3 41. Rc8 Kb2 42. Rb8+ Kc1 43. Rb7 c2 44. Rxg7 Kb2 45. Rb7+ Kc3 46. Rc7+ Kd3 47. Kf6 c1=Q 48. Rxc1 Rxc1 49. e7 Re1 50. Kf7 a4 51. f5 a3 52. f6 a2 53. e8=Q Rxe8 54. Kxe8 a1=Q 55. f7 Qa8+ 56. Ke7 Qb7+ 57. Kf6 Qc8 58. Kg7 Qd7 59. Kg8 Qe6 60. Kg7 Qg6+ 61. Kf8 Ke4 62. Ke7 Qg5+ 63. Ke6 Qf5+ 64. Ke7 Qe5+ 65. Kd7 Qd5+ 66. Ke7 Qe5+ 67. Kd7 Qf6 68. Ke8 Qe6+ 69. Kf8 Kf5 70. Kg7 Qg6+ 71. Kf8 Ke6 72. Ke8 Qxf7+ 73. Kd8 Qd7# 0-1


[Site "https://www.chess.com"]

[Event "Titled Tuesday Blitz April 18 Late 2023"]
[White "Hoffmann, Asa"]
[Black "Tregubov, Pavel V."]
[WhiteFideId "2001470"]
[BlackFideId "4115341"]
[WhiteElo "2117"]
[BlackElo "2425"]
[Result "0-1"]
[Round "04"]
[TimeControl "180+2"]
[Date "2023.04.18"]
[WhiteClock "0:00:21"]
[BlackClock "0:00:21"]

1. d4 Nf6 2. Bg5 e6 3. Nd2 d5 4. e3 h6 5. Bh4 c5 6. c3 Be7 7. Bd3 Nc6 8. f4 b6 9. Ngf3 Bb7 10. O-O Ne4 11. Bxe7 Nxe7 12. Bxe4 dxe4 13. Ne5 O-O 14. Qh5 f6 15. Ng6 Nxg6 16. Qxg6 Qe8 17. Qg3 f5 18. Rfd1 Rc8 19. Nc4 Qe7 20. Ne5 Rfd8 21. h4 Qe8 22. Rd2 cxd4 23. Rxd4 Rxd4 24. exd4 b5 25. a3 a5 26. Qe3 Bd5 27. Kh2 Qh5 28. Kh3 b4 29. axb4 axb4 30. g4 fxg4+ 31. Nxg4 bxc3 32. bxc3 Rb8 33. Rg1 Kh8 34. c4 Bxc4 35. Qxe4 Rb3+ 36. Rg3 Bf1+ 37. Kh2 Qxh4+ 38. Kg1 Qxg3+ 39. Kxf1 Qxg4 40. Qa8+ Kh7 41. Qe4+ Qf5 42. Qxf5+ exf5 43. Ke2 g5 44. d5 Kg6 45. d6 Kf6 46. d7 Ke7 0-1


[Site "https://www.chess.com"]

[Event "Titled Tuesday Blitz April 18 Late 2023"]
[White "Bogaudinov, Rushan"]
[Black "Aldokhin, Ivan"]
[WhiteFideId "4129288"]
[BlackFideId "24115720"]
[WhiteElo "1967"]
[BlackElo "2322"]
[Result "0-1"]
[Round "04"]
[TimeControl "180+2"]
[Date "2023.04.18"]
[WhiteClock "0:00:14"]
[BlackClock "0:00:12"]

1. d4 Nf6 2. g3 g6 3. Bg2 Bg7 4. Nf3 O-O 5. O-O d5 6. c3 c6 7. Bf4 b6 8. Nbd2 Bb7 9. Re1 Nbd7 10. Ne5 Nxe5 11. Bxe5 c5 12. dxc5 bxc5 13. Qb3 Qb6 14. Bxf6 Bxf6 15. e4 e6 16. Rad1 Rfd8 17. h4 h5 18. e5 Be7 19. c4 Rab8 20. Qc2 a5 21. cxd5 Bxd5 22. Ne4 Qxb2 23. Qxb2 Rxb2 24. Nf6+ Bxf6 25. exf6 Rxa2 26. Ra1 Rxa1 27. Rxa1 Bxg2 28. Kxg2 Ra8 29. Ra4 Kf8 30. Kf3 Ke8 31. Ke4 Kd7 32. Kd3 Kc6 33. Kc4 Kb6 34. f3 Rd8 35. Ra1 Rd4+ 36. Kc3 a4 37. Rb1+ Rb4 38. Rxb4+ cxb4+ 39. Kxb4 a3 40. Kxa3 Kc5 41. Kb3 Kd4 42. g4 Ke5 43. Kc3 Kxf6 44. Kd4 hxg4 45. fxg4 Ke7 46. g5 f6 47. gxf6+ Kxf6 48. Ke4 e5 49. Kf3 Kf5 50. Kg3 e4 51. Kh3 Kf4 52. Kg2 Ke3 53. Kg3 Kd2 54. Kg4 e3 55. Kg5 e2 56. Kxg6 e1=Q 57. h5 Qg3+ 58. Kf5 Qg7 59. Kf4 Qh6+ 60. Kg4 Ke3 61. Kg3 Qg5+ 62. Kh3 Kf3 0-1


[Site "https://www.chess.com"]

[Event "Titled Tuesday Blitz April 18 Late 2023"]
[White "Sieciechowicz, Marcin"]
[Black "Boder, Jan"]
[WhiteFideId "1130170"]
[BlackFideId "16243226"]
[WhiteElo "2302"]
[BlackElo "2241"]
[Result "1-0"]
[Round "04"]
[TimeControl "180+2"]
[Date "2023.04.18"]
[WhiteClock "0:00:03"]
[BlackClock "0:00:02"]

1. d4 Nf6 2. c4 c5 3. d5 b5 4. Nf3 bxc4 5. Nc3 d6 6. e4 g6 7. Bxc4 Bg7 8. O-O O-O 9. h3 a5 10. Re1 Ba6 11. Bxa6 Nxa6 12. e5 Ne8 13. Bf4 Qd7 14. Qe2 Nac7 15. Rad1 Qf5 16. Bg3 Rb8 17. b3 Rb4 18. Ne4 Nb5 19. a4 Rxe4 20. Qxb5 dxe5 21. Qxc5 Nd6 22. Qxa5 Rxe1+ 23. Rxe1 e4 24. Nh2 h5 25. Nf1 Qg5 26. h4 Qf6 27. Ne3 Qc3 28. Qxc3 Bxc3 29. Rc1 Bd2 30. Rc6 Bb4 31. Nc4 Nf5 32. Be5 f6 33. Bb2 Nxh4 34. a5 Ra8 35. a6 Nf5 36. Kf1 Kf7 37. Ne3 Nxe3+ 38. fxe3 Bd6 39. Bd4 Ke8 40. a7 Kd7 41. Ke2 e6 42. Rb6 Kc7 43. Rb5 e5 44. Bc5 Kd7 45. Bxd6 Kxd6 46. Rb7 Kxd5 47. b4 f5 48. b5 f4 49. b6 Kc6 50. Rb8 f3+ 51. gxf3 exf3+ 52. Kxf3 1-0


[Site "https://www.chess.com"]

[Event "Titled Tuesday Blitz April 18 Late 2023"]
[White "Rastbod, Ali"]
[Black "Da Silva Junior, Sediney Mari"]
[WhiteFideId "12567477"]
[BlackFideId "2132079"]
[WhiteElo "2248"]
[BlackElo "1977"]
[Result "1-0"]
[Round "04"]
[TimeControl "180+2"]
[Date "2023.04.18"]
[WhiteClock "0:02:11"]
[BlackClock "0:02:23"]

1. d4 d5 2. Nf3 Nf6 3. Bf4 c6 4. e3 a6 5. c4 e6 6. Nc3 Bd6 7. Bxd6 Qxd6 8. c5 Qd8 9. Ne5 b5 10. cxb6 Qxb6 11. Qd2 Nbd7 12. Na4 Qc7 13. Nxd7 Bxd7 14. Nc5 O-O 15. f4 Ne4 16. Nxe4 dxe4 17. Rc1 Rac8 18. Bxa6 Ra8 19. Bc4 e5 20. dxe5 Bg4 21. O-O Rfd8 22. Qc3 1-0


[Site "https://www.chess.com"]

[Event "Titled Tuesday Blitz April 18 Late 2023"]
[White "Mendez Fortes, Eduardo Jesus"]
[Black "Kohler, Aran"]
[WhiteFideId "3502376"]
[BlackFideId "1002856"]
[WhiteElo "2307"]
[BlackElo "2254"]
[Result "1-0"]
[Round "04"]
[TimeControl "180+2"]
[Date "2023.04.18"]
[WhiteClock "0:00:27"]
[BlackClock "0:00:02"]

1. e4 c6 2. d4 d5 3. Nc3 dxe4 4. Nxe4 Bf5 5. Ng3 Bg6 6. Nh3 e6 7. Nf4 Bd6 8. h4 Bxf4 9. Bxf4 h6 10. h5 Bh7 11. c3 Nf6 12. Bd3 O-O 13. Bxh7+ Nxh7 14. Qc2 Re8 15. O-O-O Nd7 16. Ne4 Ndf6 17. Nc5 Nd5 18. Bd2 b6 19. Nd3 f6 20. g4 Qc7 21. f4 c5 22. dxc5 bxc5 23. g5 hxg5 24. fxg5 c4 25. Nf2 f5 26. g6 Nhf6 27. h6 Rab8 28. hxg7 Qxg7 29. Bh6 Qb7 30. Bg5 Qg7 31. Rdg1 f4 32. Bh6 Qc7 33. g7 Ne3 34. Qg6 Qe5 35. Bxf4 Qxc3+ 36. bxc3 1-0


[Site "https://www.chess.com"]

[Event "Titled Tuesday Blitz April 18 Late 2023"]
[White "Adla, Diego"]
[Black "Ramadoss, Ashokkumar"]
[WhiteFideId "100072"]
[BlackFideId "5040990"]
[WhiteElo "2377"]
[BlackElo "2250"]
[Result "1-0"]
[Round "04"]
[TimeControl "180+2"]
[Date "2023.04.18"]
[WhiteClock "0:00:46"]
[BlackClock "0:00:14"]

1. c4 Nf6 2. Nc3 g6 3. e4 d6 4. d4 Bg7 5. Nf3 O-O 6. Be2 c5 7. O-O Nc6 8. d5 Na5 9. h3 a6 10. Bf4 b5 11. cxb5 axb5 12. Bxb5 Ba6 13. Bxa6 Rxa6 14. Qe2 Rb6 15. Rab1 Qa8 16. b3 Rc8 17. Bd2 Qa6 18. Qe3 Nd7 19. Rfc1 Rcb8 20. Na4 Rb5 21. Qe1 Nb7 22. Bc3 Bh6 23. Bd2 Bg7 24. Bc3 Bh6 25. Nd2 Nd8 26. Rc2 e6 27. Nc4 Qxa4 28. Nxd6 R5b6 29. dxe6 Nxe6 30. Rd1 Qc6 31. Nc4 Rb5 32. Qe2 Bg7 33. Rd6 Qa8 34. Bxg7 Kxg7 35. Rxd7 Nd4 36. Rxd4 cxd4 37. Qd3 Qa7 38. e5 Rd5 39. Re2 Qd7 40. f4 Rc8 41. g4 h5 42. f5 hxg4 43. hxg4 gxf5 44. gxf5 Rg8 45. e6 Kf6+ 46. Kf1 Qc6 47. Rf2 Re5 48. Nxe5 Qh1+ 49. Ke2 Qh5+ 50. Nf3 1-0


[Site "https://www.chess.com"]

[Event "Titled Tuesday Blitz April 18 Late 2023"]
[White "Mihajlovskij"]
[Black "Espinosa, Pedro"]
[BlackFideId "30921066"]
[WhiteElo "2244"]
[BlackElo "2016"]
[Result "1-0"]
[Round "04"]
[TimeControl "180+2"]
[Date "2023.04.18"]
[WhiteClock "0:00:08"]
[BlackClock "0:00:01"]

1. e4 c5 2. Nf3 d6 3. d4 cxd4 4. Qxd4 Nf6 5. Bg5 Nc6 6. Bb5 Bd7 7. Bxc6 Bxc6 8. Nc3 e6 9. O-O-O Be7 10. Rhe1 Qc7 11. Qd3 O-O 12. Kb1 Rfd8 13. Nd4 Rac8 14. f4 a6 15. f5 e5 16. Nf3 b5 17. Bxf6 Bxf6 18. Rd2 Qb6 19. g4 b4 20. Nd5 Bxd5 21. Qxd5 Rc5 22. Qb3 Be7 23. g5 Bf8 24. g6 d5 25. gxf7+ Kh8 26. exd5 Qf6 27. Rxe5 Qxf7 28. Qd3 a5 29. Re6 Qb7 30. d6 Qf7 31. Ne5 Qh5 32. d7 a4 33. Ng6+ hxg6 34. Re8 Qg5 35. Rxf8+ 1-0


[Site "https://www.chess.com"]

[Event "Titled Tuesday Blitz April 18 Late 2023"]
[White "Leiva, Gianmarco"]
[Black "Osmonbekov, Talaibek"]
[WhiteFideId "3804399"]
[BlackFideId "2017253"]
[WhiteElo "2345"]
[BlackElo "2135"]
[Result "1-0"]
[Round "04"]
[TimeControl "180+2"]
[Date "2023.04.18"]
[WhiteClock "0:00:02"]
[BlackClock "0:00:02"]

1. e4 c5 2. Nf3 d6 3. Bb5+ Nd7 4. a4 e5 5. O-O Nf6 6. Re1 Be7 7. c3 O-O 8. d4 Qc7 9. dxe5 dxe5 10. Bg5 Rd8 11. Nbd2 Nf8 12. Qc2 Ne6 13. Bh4 Nf4 14. Bf1 Bg4 15. a5 a6 16. Re3 Rd7 17. Nc4 Bxf3 18. Rxf3 Rad8 19. g3 Ng6 20. Bg5 Ne8 21. Be3 Qc6 22. h4 Nf6 23. Bh3 Rd3 24. Bf5 Qc7 25. Kg2 Bf8 26. Bg5 Rxf3 27. Kxf3 Be7 28. Rd1 h6 29. Bxf6 Bxf6 30. Bxg6 fxg6 31. Qb3 Kh7 32. Rxd8 Qxd8 33. Qxb7 Qd3+ 34. Ne3 g5 35. h5 g4+ 36. Kxg4 Bg5 37. Qf7 Bxe3 38. Qf5+ Kg8 39. fxe3 Qxe3 40. Qe6+ Kh7 41. Qf5+ Kh8 42. Qxe5 Qe2+ 43. Kh3 Qf1+ 44. Kg4 Qe2+ 45. Kf5 Qxh5+ 46. Ke6 Qe8+ 47. Kd5 Qb5 48. Kd6 Qb8+ 49. Kd5 Qb5 50. Qd6 c4+ 51. Kd4 Qxb2 52. Qb4 Qd2+ 53. Kxc4 Qe2+ 54. Kb3 Qd1+ 55. Kc4 Qe2+ 56. Kd5 Qh5+ 57. Kc6 Qe8+ 58. Kb7 1-0


[Site "https://www.chess.com"]

[Event "Titled Tuesday Blitz April 18 Late 2023"]
[White "Kleiman, Jake"]
[Black "Cigan, Jason"]
[WhiteFideId "2020041"]
[BlackFideId "2064022"]
[WhiteElo "2619"]
[BlackElo "2000"]
[Result "1-0"]
[Round "04"]
[TimeControl "180+2"]
[Date "2023.04.18"]
[WhiteClock "0:00:20"]
[BlackClock "0:00:21"]

1. e4 c5 2. c3 d5 3. exd5 Nf6 4. d4 Nxd5 5. Nf3 e6 6. Bd3 cxd4 7. Nxd4 Be7 8. O-O O-O 9. Qf3 Nc6 10. Nxc6 bxc6 11. Nd2 Bb7 12. Nc4 Qc7 13. Re1 Rad8 14. Qh3 g6 15. Bh6 Rfe8 16. Be4 Nf6 17. Bc2 Rd5 18. Qf3 Rh5 19. Bf4 Qc8 20. Rad1 c5 21. Qe2 Qc6 22. f3 Nd5 23. Be5 Ba6 24. Bd3 Bh4 25. Rf1 Bg5 26. Bg3 Bxc4 27. Bxc4 Ne3 28. Bb5 Qc8 29. Bxe8 Qxe8 30. Qa6 Nxf1 31. Kxf1 Be7 32. Qb7 Kg7 33. c4 Rf5 34. b3 Bf6 35. Rd7 Be5 36. Bxe5+ Rxe5 37. Qxa7 Re3 38. Kf2 Rc3 39. Rd2 Qe7 40. Qxe7 1-0


[Site "https://www.chess.com"]